 Dungeon Crawl Stone Soup version 0.21-a0-237-g87df72b (webtiles) character file.

1717771 Gorice the Slayer (level 27, 231/231 HPs)
             Began as a Demonspawn Necromancer on Aug 5, 2017.
             Was the Champion of Kikubaaqudgha.
             Escaped with the Orb
             ... and 3 runes on Sept 2, 2017!
             The game lasted 10:45:11 (72756 turns).

Gorice the Slayer (Demonspawn Necromancer)         Turns: 72756, Time: 10:45:11

Health: 231/231    AC: 47    Str: 21    XL:     27
Magic:  37/37      EV: 17    Int: 19    God:    Kikubaaqudgha [******]
Gold:   5435       SH:  0    Dex: 15    Spells: 13/56 levels left

rFire    + + .     SeeInvis +   b - +9 battleaxe (freeze)
rCold    + + .     Gourm    .   (shield currently unavailable)
rNeg     + . .     Faith    .   Q - +10 plate armour of the Barber Surgeon {Str+5}
rPois    .         Spirit   +   (helmet unavailable)
rElec    .         Reflect  .   s - +2 cloak {MR+}
rCorr    .         Harm     .   m - +3 pair of gauntlets of War {Slay+5}
MR       +++++     Clarity  +   E - +0 pair of boots "Vyleo" {SInv}
Stlth    ..........             N - amulet of the Four Winds {rN+ MR+++ Clar}
HPRegen  0.48/turn              A - +3 ring of protection
MPRegen  0.50/turn              f - ring "Yzohe" {rF++ MR+ Slay+3}

@: no status effects
A: horns 3, icy blue scales 3, berserk 1, clumsy 1, cold resistance 1, demonic
guardian 3, low mp 1, passive freeze, magic shield, magic regeneration, magic
link, freezing cloud immunity
0: Orb of Zot
}: 3/15 runes: serpentine, barnacled, silver
a: Receive Corpses, Torment, Renounce Religion


You escaped.
You worshipped Kikubaaqudgha.
Kikubaaqudgha was exalted by your worship.
You were not hungry.

You visited 11 branches of the dungeon, and saw 53 of its levels.
You visited the Abyss 2 times.
You visited 1 bazaar.
You also visited: Bailey, Volcano and Wizlab.

You collected 8068 gold pieces.
You spent 2633 gold pieces at shops.

Inventory:

Hand Weapons
 a - a +9 battleaxe of pain
   (You took it off an ancient champion on level 3 of the Crypt)
 b - a +9 battleaxe of freezing (weapon)
   (You took it off a wight on level 1 of the Crypt)
 B - a +7 blowgun
Missiles
 e - 30 curare-tipped needles
 g - 15 steel javelins (quivered)
 Y - 16 throwing nets
Armour
 m - the +3 pair of gauntlets of War (worn) {Slay+5}
   (You bought it in a shop on level 3 of the Elven Halls)

   It affects your accuracy and damage with ranged weapons and melee attacks
   (+5).
 s - a +2 cloak of magic resistance (worn)
   (You found it on level 5 of the Vaults)
 E - the +0 pair of boots "Vyleo" (worn) {SInv}
   (You found it on level 3 of the Depths)

   It lets you see invisible.
 Q - the +10 plate armour of the Barber Surgeon (worn) {Str+5}
   (You bought it in a shop on level 2 of the Orcish Mines)

   It affects your strength (+5).
Magical Staves
 d - an uncursed staff of death
Jewellery
 f - the ring "Yzohe" (right hand) {rF++ MR+ Slay+3}
   (You acquired it on level 1 of the Lair of Beasts)

   [ring of protection from magic]

   It affects your accuracy and damage with ranged weapons and melee attacks
   (+3).
   It greatly protects you from fire.
   It affects your resistance to hostile enchantments.
 i - an uncursed ring of flight
 p - the ring of Ejusteno {rElec rPois Str+7 Int-3}
   (You found it on level 1 of the Lair of Beasts)

   [ring of poison resistance]

   It affects your strength (+7).
   It affects your intelligence (-3).
   It insulates you from electricity.
   It protects you from poison.
 A - a +3 ring of protection (left hand)
 C - the ring "Aheokucreh" {rCorr MR+}
   (You found it on level 2 of the Depths)

   [ring of resist corrosion]

   It affects your resistance to hostile enchantments.
 N - the amulet of the Four Winds (around neck) {rN+ MR+++ Clar}
   (You took it off a vampire on level 3 of the Crypt)

   [amulet of nothing]

   It protects you from negative energy.
   It affects your resistance to hostile enchantments.
   It protects you against confusion.
 W - an uncursed ring of positive energy
Wands
 q - a wand of digging (18/24)
 u - a wand of clouds (5/9)
 L - a wand of acid (8/15)
Scrolls
 j - 2 scrolls of silence {!r}
 k - 19 scrolls of remove curse
 l - 11 scrolls of recharging
 v - 25 scrolls of teleportation {!r}
 x - 4 scrolls of summoning {!r}
 y - 11 scrolls of identify
 D - 14 scrolls of fear {!r}
 I - 17 scrolls of magic mapping {!r}
 K - 7 scrolls of blinking
 R - 3 scrolls of enchant armour
 V - 8 scrolls of fog
Potions
 h - 12 potions of agility {!q}
 t - 13 potions of curing
 w - 7 potions of brilliance {!q}
 z - 3 potions of might {!q}
 F - 3 potions of resistance {!q}
 H - 4 potions of cancellation {!q}
 J - a potion of invisibility {!q}
 O - 7 potions of heal wounds {!q}
 P - 3 potions of haste {!q}
 S - 4 potions of mutation {!q}
 X - a potion of magic {!q}
Books
 T - a book of Unlife
Miscellaneous
 n - 3 phantom mirrors
 r - 5 boxes of beasts
 M - a sack of spiders
Comestibles
 c - 28 bread rations {!e}
 o - 2 chunks of flesh
 G - 11 fruits


   Skills:
 - Level 22.0 Fighting
 - Level 20.2 Axes
 + Level 20.7 Armour
 + Level 18.2 Dodging
 - Level 1.7 Stealth
 - Level 15.0 Spellcasting
 - Level 9.0 Hexes
 - Level 8.0 Charms
 - Level 20.0 Necromancy
 - Level 8.9 Translocations
 - Level 5.4 Evocations


You had 13 spell levels left.
You knew the following spells:

 Your Spells              Type           Power        Failure   Level  Hunger
a - Pain                  Necr           ####         0%          1    None
b - Animate Skeleton      Necr           N/A          0%          1    None
c - Vampiric Draining     Necr           ######....   1%          3    None
d - Animate Dead          Necr           N/A          1%          4    None
e - Control Undead        Necr           ######....   1%          4    None
f - Agony                 Necr           ######..     1%          5    ###....
g - Death Channel         Necr           ######....   1%          6    #####..
h - Dispel Undead         Necr           ######..     1%          5    ###....
r - Recall                Summ/Tloc      N/A          14%         3    None
w - Spectral Weapon       Hex/Chrm       #####...     2%          3    None
A - Apportation           Tloc           #####.       1%          1    None
J - Blink                 Tloc           N/A          1%          2    None
R - Regeneration          Chrm/Necr      ######....   1%          3    None
S - Swiftness             Chrm/Air       ####....     9%          2    None


Dungeon Overview and Level Annotations

Branches:
Dungeon (15/15)            Temple (1/1) D:4            Lair (6/6) D:11
 Shoals (4/4) Lair:2        Snake (4/4) Lair:4        Slime (0/5) Lair:5
    Orc (2/2) D:9             Elf (3/3) Orc:2        Vaults (5/5) D:14
  Crypt (3/3) Vaults:2       Tomb (0/3) Crypt:3      Depths (5/5) D:15
    Zot (5/5) Depths:5

Altars:
Ashenzari
Cheibriados
Dithmenos
Elyvilon
Fedhas
Gozag
Hepliaklqana
Kikubaaqudgha
Makhleb
Nemelex Xobeh
Okawaru
Qazlal
Ru
Sif Muna
Trog
Uskayaw
Vehumet
Wu Jian
Xom
Yredelemnul
Zin
The Shining One
Beogh
Jiyva

Shops:
D:4 (   D:9 (   D:13 (   Orc:2 *(:[   Elf:1 (   Elf:2 *   Elf:3 (*}*
Vaults:3 }   Vaults:4 ?   Depths:1 *

Portals:
Hell: Depths:1 Depths:2 Depths:3 Depths:4 Depths:5
Abyss: Depths:4
Pandemonium: Depths:3
Ziggurat: Depths:2

Annotations:
D:6 Sigmund
Vaults:1 vpUX: loot behind glass (dig)
Depths:4 vpUX: titan behind grlle


Innate Abilities, Weirdness & Mutations

You have a pair of large horns on your head.
You are completely covered in icy blue scales. (AC +4, rC+)
Your flesh is cold resistant. (rC+)
A powerful demonic guardian rushes to your aid.
A frigid envelope surrounds you and freezes all who hurt you.
When hurt, damage is shared between your health and your magic reserves.
You regenerate magic rapidly.
When low on magic, you restore magic in place of health.
You are immune to freezing clouds.
You tend to lose your temper in combat.
You are clumsy. (Dex -2)
Your magical capacity is low. (-10% MP)


Message History

(D) Dungeon (T) Temple (L) Lair (A) Shoals (P) Snake Pit (M) Slime Pits (O) Orcish Mines (E) Elven Halls (V) Vaults (C) Crypt (W) Tomb (U) Depths (H) Hell (Z) Zot
Where to? (* - list waypoints, Enter - D:3 @ (x,y), ? - help)
A hellwing and a smoke demon come into view.
The smoke demon roars!
The hellwing hits you but does no damage.
The hellwing is very cold.
The hellwing is lightly wounded.
The hellwing hits you but does no damage.
The hellwing is very cold.
The hellwing is lightly wounded.
The hellwing swoops through the air toward you!
The hellwing barely misses you. x2
You closely miss the hellwing. You headbutt the hellwing.
The hellwing is lightly wounded.
You hit the hellwing. You freeze the hellwing.
The hellwing is lightly wounded.
The hellwing barely misses you. The hellwing closely misses you.
The smoke demon gestures at you. Something smites you!
Damage: 9 (max 9)
You slice the hellwing!! You freeze the hellwing. You headbutt the hellwing.
The hellwing is almost dead.
The hellwing hits you but does no damage.
The hellwing is very cold.
You kill the hellwing!
Kikubaaqudgha accepts your kill.
There is a stone staircase leading up here.
You barely miss the smoke demon. You slice the smoke demon!!
You freeze the smoke demon. Your headbutt misses the smoke demon.
The smoke demon is almost dead.
The smoke demon misses you. The smoke demon barely misses you.
The smoke demon hits you but does no damage.
The smoke demon is very cold.
The smoke demon is almost dead.
You slash the smoke demon! You freeze the smoke demon.
You kill the smoke demon!
Kikubaaqudgha accepts your kill.
There is a stone staircase leading up here.
You climb upwards.
There is a stone staircase leading down, spattered with blood here.
HP restored.
There is a stone staircase leading up here.
You climb upwards.
There is a stone staircase leading down here.
There is a staircase leading out of the dungeon here.
You have escaped!

###### ##.#..#..# #..##.#..##...
.....# ##......#.####.##.#..###..
.....###...#...#..###....#.......
............####......##.........
.....#...............####........
.....#...............##.##.......
............###.##.....##........
#....#.....##.....#..............
#....#....#.....@.##.............
#....#.....##.....#..............
............###.##.....##........
....)................##.##.......
.....................####......##
....#.......####......##....#..##
....##.....#...#............#..##
..#............#..........#.#..##
.##...##...#..#.........##..#..##


There were no monsters in sight!

Vanquished Creatures
  Khufu (Crypt:1)
  Mara (Crypt:1)
  2 orbs of fire
  2 ancient liches
  A juggernaut (Depths:4)
  A greater mummy (Crypt:1)
  5 Killer Klowns (Zot:5)
  4 curse toes
  4 caustic shrikes
  Nikola (Shoals:2)
  6 golden dragons
  A bone dragon (Crypt:3)
  2 pandemonium lords
  A Tzitzimitl (Zot:3)
  4 electric golems
  6 liches
  A hellephant (D:12)
  10 tentacled monstrosities
  6 titans
  16 Orb Guardians (Zot:5)
  2 quicksilver dragons
  2 deep elf blademasters (Elf:3)
  2 deep elf master archers (Elf:3)
  Frances (Shoals:2)
  6 sphinxes
  A kraken (Shoals:4)
  15 death cobs
  A tentacled starspawn (Abyss:2)
  6 ancient champions
  Roxanne (Elf:3)
  7 draconian monks
  A revenant (Crypt:2)
  10 tengu reavers
  5 nagarajas (Snake:4)
  8 storm dragons
  9 shadow dragons
  Ilsuiw (Shoals:4)
  8 draconian scorchers
  5 deep elf sorcerers
  8 fire giants
  7 draconian knights
  2 ghost moths
  An iron dragon (Vaults:5)
  9 frost giants
  Louise (Elf:3)
  3 draconian shifters
  8 ghouls
  An orc warlord (D:9)
  18 vault wardens
  2 deep elf elementalists (Elf:3)
  17 ironheart preservers
  4 draconian annihilators
  2 spriggan defenders
  A reaper (Depths:3)
  4 draconian stormcallers
  2 war gargoyles
  A juggernaut skeleton (Crypt:3)
  17 very ugly things
  17 stone giants
  4 vampire knights
  12 deep elf demonologists
  7 deep elf annihilators
  9 green draconians
  12 purple draconians
  6 white draconians
  Azrael (Snake:1)
  11 yellow draconians
  A spark wasp (shapeshifter) (Vaults:5)
  An orange crystal statue (WizLab)
  7 spark wasps
  14 black draconians
  9 ettins
  10 red draconians
  A dire elephant (shapeshifter) (Depths:3)
  3 merfolk javelineers
  6 eidola
  4 mummy priests (Crypt:1)
  A blizzard demon (Depths:3)
  A crystal guardian (Vaults:5)
  14 deep elf death magi
  A green death (Depths:1)
  11 jiangshi
  11 yaktaur captains
  6 great orbs of eyes
  5 deep elf high priests
  10 ice dragons
  5 fire dragons
  3 merfolk impalers
  2 hell beasts
  2 spriggan air magi
  6 rakshasas
  A quicksilver dragon skeleton (Depths:2)
  22 vault guards
  2 hydras
  14 naga warriors
  2 satyrs (Shoals:4)
  34 two-headed ogres
  3 merfolk avatars
  4 merfolk aquamancers
  5 centaur warriors
  4 death knights
  12 ogre magi
  8 anacondas
  5 vampire magi
  24 dancing weapons
  6 deep troll shamans
  A thrashing horror (Abyss:2)
  2 death yaks (Lair:5)
  7 tengu warriors
  6 deep troll earth magi
  14 naga sharpshooters
  A titan skeleton (Crypt:1)
  An orc high priest (Orc:2)
  12 spriggan berserkers
  5 shock serpents
  A sun demon (Depths:3)
  7 soul eaters
  A wretched star (Abyss:2)
  A salamander mystic (Snake:4)
  21 deep elf knights
  A hell knight (Depths:5)
  2 sixfirhies
  22 skeletal warriors
  A quicksilver dragon simulacrum (Depths:3)
  4 shadow wraiths
  4 unseen horrors
  3 glowing orange brains
  4 wizards
  A spatial maelstrom (Abyss:2)
  5 iron trolls
  4 naga ritualists
  2 sea snakes
  25 deep trolls
  6 flayed ghosts
  16 deep elf archers
  4 necromancers
  A ghost moth zombie (Crypt:3)
  A harpy (shapeshifter) (Vaults:5)
  An iron giant skeleton (Crypt:2)
  A tengu zombie (Depths:2)
  8 phantasmal warriors
  14 ironbrand convokers
  13 harpies
  60 deep elf magi
  48 ugly things
  An orb spider (Abyss:2)
  A sphinx skeleton (Crypt:1)
  12 mana vipers
  10 orc knights
  A stone giant zombie (Vaults:5)
  A shadow dragon skeleton (Depths:4)
  2 wolf spiders (Vaults:2)
  5 manticores
  5 orc sorcerers
  9 cyclopes
  3 moths of wrath (shapeshifter)
  14 moths of wrath
  12 vault sentinels
  10 salamanders
  3 fire giant skeletons
  A stone giant skeleton (Crypt:1)
  29 black mambas
  A black mamba (shapeshifter) (Vaults:2)
  4 elephants (Lair:5)
  2 guardian serpents
  2 water nymphs
  6 merfolk sirens
  15 naga magi
  9 spiny frogs
  7 rust devils
  A rime drake (shapeshifter) (D:15)
  8 smoke demons
  3 rime drakes
  A gargoyle (D:11)
  A yellow draconian zombie (Crypt:3)
  A kobold demonologist (D:12)
  2 yaktaur zombies
  2 orange demons
  A human zombie (Vaults:5)
  3 centaur skeletons (D:15)
  A spriggan skeleton (Depths:4)
  35 yaktaurs
  5 komodo dragons
  2 efreet
  8 freezing wraiths
  18 merfolk
  2 ancient zymes
  A queen bee (shapeshifter) (Depths:5)
  2 red devils
  3 tengu conjurers
  A meliai (shapeshifter) (Vaults:1)
  8 trolls
  A yaktaur skeleton (Vaults:4)
  2 yellow draconian skeletons
  A harpy zombie (Crypt:2)
  A jumping spider (shapeshifter) (Vaults:5)
  An ice devil (Depths:3)
  2 meliai (D:14)
  A wind drake (Shoals:4)
  3 hellwings
  3 guardian mummies
  A troll (shapeshifter) (Elf:2)
  2 polar bears (shapeshifter)
  A hornet (shapeshifter) (Vaults:2)
  A death drake skeleton (Crypt:2)
  4 bog bodies
  11 hornets
  8 hippogriffs
  A blink frog (shapeshifter) (Vaults:2)
  A harpy skeleton (D:14)
  10 blink frogs
  24 slime creatures
  An iron dragon simulacrum (Vaults:5)
  A slime creature (shapeshifter) (Depths:2)
  6 snapping turtles
  A dream sheep (shapeshifter) (D:15)
  4 raiju (Abyss:3)
  2 dream sheep (Lair:5)
  4 flying skulls
  An ettin zombie (Vaults:4)
  6 shadows
  3 vampires (Crypt:3)
  5 large abominations
  6 water elementals
  2 air elementals
  A yak (shapeshifter) (Depths:2)
  An ettin skeleton (Crypt:3)
  44 yaks
  3 ynoxinuls
  A spriggan (Depths:3)
  A satyr skeleton (Crypt:2)
  9 wraiths
  5 fire elementals
  5 wyverns
  15 humans (D:14)
  6 fire bats
  3 basilisks
  A vampire mosquito (D:15)
  3 chaos spawn
  Grum (Lair:1)
  2 steam dragons
  A neqoxec (Abyss:2)
  2 hungry ghosts
  47 nagas
  3 swamp worms (Lair:1)
  4 wargs
  16 soldier ants
  2 acid dragons
  11 water moccasins
  A deep troll skeleton (Crypt:2)
  7 hell hounds
  9 porcupines
  3 swamp drakes (Lair:6)
  2 black bears
  A deep troll simulacrum (Depths:1)
  3 ettin simulacra (Depths:3)
  39 orc warriors
  4 sky beasts
  2 necrophages (Crypt:1)
  A phantom (D:13)
  30 ogres
  3 ice beasts
  2 eyes of draining
  A fire dragon simulacrum (Crypt:3)
  3 boggarts (Depths:3)
  2 wolves
  A snapping turtle skeleton (Abyss:2)
  7 centaurs
  3 human skeletons
  4 crocodiles
  An elephant skeleton (Crypt:3)
  A big kobold (D:14)
  Blork the orc (Orc:2)
  14 bullfrogs
  8 gnoll sergeants (Bailey)
  An earth elemental (Elf:1)
  2 small abominations (Abyss:2)
  A wyvern skeleton (D:12)
  A warg zombie (Crypt:1)
  A raiju zombie (Crypt:3)
  A water moccasin skeleton (D:8)
  5 scorpions
  A spriggan zombie (Crypt:3)
  A warg skeleton (Crypt:2)
  A queen bee zombie (Crypt:1)
  An elf simulacrum (Vaults:3)
  13 killer bees
  A troll skeleton (Crypt:3)
  11 wights
  3 electric eels
  2 bullfrog zombies
  A jelly (D:12)
  A wolf zombie (Crypt:2)
  6 crimson imps
  A quasit (D:8)
  A black bear zombie (Crypt:1)
  4 centaur zombies
  22 orc priests
  4 gnoll shamans (Bailey)
  9 hounds
  4 bullfrog skeletons
  2 iguanas
  24 orc wizards
  20 worker ants
  A porcupine zombie (Crypt:1)
  A lightning spire (Zot:2)
  An ogre skeleton (Crypt:1)
  2 hound skeletons (D:3)
  12 mummies (Crypt:3)
  A spectral worker ant (D:11)
  3 worker ant zombies
  A howler monkey zombie (D:9)
  13 gnolls
  9 adders
  A swamp drake skeleton (Crypt:3)
  2 shadow imps
  An ufetubus (Abyss:3)
  An ooze (D:6)
  2 adder zombies
  2 adder skeletons
  A halfling skeleton (Crypt:1)
  14 worms
  4 dart slugs
  3 leopard geckos
  91 orcs
  2 goblins
  4 hobgoblins
  25 jackals
  15 kobolds
  6 quokkas
  4 bats (D:1)
  5 frilled lizards
  A giant cockroach zombie (D:3)
  2 jackal skeletons (D:6)
  A jackal zombie (D:8)
  A quokka skeleton (D:9)
  A quokka zombie (Crypt:2)
  15 rats
  A crawling corpse (Vaults:2)
  4 plants
  A starspawn tentacle (Abyss:2)
2098 creatures vanquished.

Vanquished Creatures (collateral kills)
  2 orbs of fire
  An ancient lich (Zot:5)
  Boris (Depths:3)
  7 caustic shrikes
  A Killer Klown (Zot:5)
  A pandemonium lord (Zot:3)
  2 bone dragons
  3 golden dragons
  2 electric golems
  5 Orb Guardians (Zot:5)
  3 tentacled monstrosities
  A titan (Vaults:5)
  2 quicksilver dragons
  A tentacled starspawn (Abyss:2)
  2 ancient champions (Crypt:3)
  A death cob (Zot:5)
  2 storm dragons
  3 tengu reavers
  4 draconian monks
  3 nagarajas
  Donald (Crypt:1)
  2 shadow dragons
  A fire giant (Vaults:5)
  A revenant (Crypt:1)
  2 frost giants
  5 vault wardens
  An orc warlord (Orc:2)
  A balrug (Depths:3)
  2 deep elf sorcerers
  5 ghouls
  4 ironheart preservers
  A draconian stormcaller (Zot:3)
  3 draconian annihilators
  3 stone giants
  5 very ugly things
  A juggernaut skeleton (Depths:2)
  A vampire knight (Crypt:3)
  5 green draconians
  A deep elf annihilator (Vaults:5)
  2 white draconians
  A purple draconian (Zot:3)
  A spark wasp (Depths:1)
  2 red draconians
  An eidolon (Crypt:2)
  3 merfolk javelineers
  2 ettins
  A merfolk impaler (Shoals:2)
  6 fire dragons
  3 yaktaur captains
  2 deep elf high priests
  6 ogre magi
  2 deep elf death magi
  Josephine (D:13)
  An ice dragon (Vaults:2)
  A jiangshi (Crypt:3)
  A crystal guardian (Vaults:2)
  A great orb of eyes (Vaults:2)
  A rakshasa (Vaults:3)
  4 naga warriors
  3 hydras
  9 vault guards
  A hell beast (Depths:1)
  A death knight (Crypt:1)
  An alligator snapping turtle (Shoals:3)
  A merfolk aquamancer (Shoals:4)
  An anaconda (Lair:6)
  A centaur warrior (D:15)
  A dancing weapon (Vaults:5)
  11 two-headed ogres
  2 merfolk avatars
  4 death yaks
  A queen ant (Lair:3)
  A satyr (Shoals:1)
  6 deep troll shamans
  7 tengu warriors (Depths:3)
  4 deep troll earth magi
  4 naga sharpshooters
  5 spriggan berserkers
  A titan zombie (Depths:4)
  2 hell knights
  2 deep elf knights
  2 sun demons (Depths:3)
  A fire crab (shapeshifter) (Depths:4)
  A storm dragon skeleton (Abyss:2)
  5 skeletal warriors
  2 salamander mystics
  4 sea snakes
  An iron troll (Depths:1)
  12 deep trolls
  A quicksilver dragon simulacrum (Depths:3)
  5 wizards
  3 naga ritualists
  A swamp dragon (Lair:6)
  A glowing orange brain (Depths:3)
  3 deep elf archers
  2 phantasmal warriors
  2 necromancers
  A wolf spider zombie (D:15)
  6 orc knights
  7 ironbrand convokers
  A mana viper (Snake:1)
  A cyclops (Vaults:1)
  8 harpies
  A manticore (Shoals:3)
  2 shining eyes (Depths:2)
  A frost giant zombie (Crypt:3)
  13 deep elf magi
  An oklob plant (Shoals:1)
  2 fauns (Shoals:2)
  13 ugly things
  3 wolf spiders
  2 guardian serpents
  3 moths of wrath
  5 salamanders
  5 rust devils
  4 water nymphs
  An ice statue (Depths:3)
  6 merfolk sirens
  14 black mambas
  9 naga magi (Snake:4)
  4 vault sentinels
  Psyche (D:11)
  2 orange demons (Zot:3)
  8 spiny frogs
  2 rime drakes
  2 efreet (Depths:3)
  A freezing wraith (Vaults:4)
  3 komodo dragons
  2 centaur skeletons
  A tengu conjurer (Depths:3)
  A yaktaur zombie (Vaults:4)
  An ice devil (Depths:3)
  3 trolls
  12 yaktaurs
  A troll (shapeshifter) (Vaults:3)
  A guardian mummy (Crypt:1)
  A meliai (shapeshifter) (Vaults:3)
  2 red devils (Depths:3)
  12 merfolk
  2 wind drakes
  A bog body (Crypt:2)
  3 hornets
  A blink frog (shapeshifter) (Vaults:3)
  2 dream sheep (Lair:5)
  Prince Ribbit (D:7)
  3 blink frogs (Lair:4)
  A raiju (Abyss:2)
  A snapping turtle (Shoals:3)
  6 slime creatures
  3 spriggans
  A redback (Lair:6)
  A large abomination (Abyss:2)
  3 water elementals
  3 wraiths
  7 wyverns
  A fire bat (Lair:1)
  18 yaks
  5 humans (D:14)
  A yak (shapeshifter) (Vaults:4)
  2 hungry ghosts
  2 neqoxecs (Abyss:2)
  2 vampire mosquitoes (D:15)
  4 basilisks
  4 swamp worms (Lair:1)
  An acid dragon (Vaults:2)
  A spatial vortex (Abyss:2)
  12 nagas
  6 soldier ants (Lair:3)
  5 water moccasins
  2 hell hounds
  10 orc warriors
  A sky beast (shapeshifter) (Vaults:5)
  A swamp drake (Lair:6)
  3 ice beasts
  2 eyes of draining (Depths:2)
  A phantom (D:5)
  11 ogres
  6 wolves
  5 crocodiles
  A centaur (D:6)
  3 bullfrogs
  An earth elemental (Elf:2)
  A gnoll sergeant (D:5)
  A wyvern zombie (D:12)
  A draconian skeleton (Crypt:2)
  2 wyvern skeletons (D:11)
  10 wights
  4 killer bees (D:11)
  A bullfrog zombie (D:5)
  A jelly (D:6)
  2 crimson imps
  A centaur zombie (D:3)
  An orc priest (Orc:2)
  2 gnoll shamans (Bailey)
  A hound (D:6)
  10 orc wizards
  Ijyb (D:5)
  9 worker ants
  A hound skeleton (D:6)
  8 gnolls
  A shadow imp (D:7)
  An adder zombie (D:9)
  5 worms (Lair:1)
  24 orcs
  A bat (D:2)
  8 jackals
  A ball python (D:6)
  2 frilled lizards
  2 rats (D:1)
  3 crawling corpses
  4 fungi
  11 plants
688 creatures vanquished.

Vanquished Creatures (others)
  2 golden dragons
  A red draconian (Zot:4)
  A deep elf archer (Vaults:3)
  2 deep elf magi
  3 moths of wrath (Zot:5)
  A naga mage (Snake:4)
  A freezing wraith (Depths:3)
  2 yaktaurs
  A merfolk (Shoals:2)
  A small abomination (Abyss:2)
  A naga (Snake:4)
  A spatial vortex (Abyss:2)
  A hell hound (Snake:1)
  An ettin simulacrum (Depths:3)
  A wolf (Lair:6)
  An orc wizard (D:4)
  An ufetubus (D:15)
  31 fungi
  66 plants
  5 starspawn tentacles (Abyss:2)
  5 tentacles (Shoals:4)
129 creatures vanquished.

Grand Total: 2915 creatures vanquished

Notes
Turn   | Place    | Note
-------+----------+-------------------------------------------
     0 | D:1      | Gorice the Demonspawn Necromancer began the quest for the Orb.
     0 | D:1      | Reached XP level 1. HP: 13/13 MP: 3/3
    28 | D:1      | Learned a level 1 spell: Animate Skeleton
   355 | D:1      | Gained mutation: You have a pair of small horns on your head. [demonic ancestry]
   355 | D:1      | Reached XP level 2. HP: 13/19 MP: 0/5
   769 | D:1      | Reached skill level 5 in Necromancy
  1308 | D:2      | Reached XP level 3. HP: 17/24 MP: 1/6
  1894 | D:2      | You fall through a shaft for 2 floors!
  1894 | D:4      | Found a staircase to the Ecumenical Temple.
  1900 | Temple   | Entered the Ecumenical Temple
  1985 | Temple   | Became a worshipper of Kikubaaqudgha
  2022 | D:4      | Found Darritt's Antique Weapon Shop.
  2330 | D:2      | Learned a level 3 spell: Vampiric Draining
  2424 | D:2      | Gained mutation: A weak demonic guardian rushes to your aid. [demonic ancestry]
  2424 | D:2      | Reached XP level 4. HP: 22/30 MP: 2/8
  2774 | D:3      | Reached skill level 6 in Necromancy
  2816 | D:3      | Reached skill level 3 in Spellcasting
  2826 | D:3      | Reached * piety under Kikubaaqudgha
  2826 | D:3      | Identified Kikubaaqudgha's Guide on Evil Secrets (Kikubaaqudgha gifted it to you on level 3 of the Dungeon)
  2826 | D:3      | Received a gift from Kikubaaqudgha
  2826 | D:3      | Reached XP level 5. HP: 35/35 MP: 9/9
  3363 | D:3      | Learned a level 4 spell: Animate Dead
  3373 | D:3      | Reached skill level 7 in Necromancy
  3433 | D:3      | Gained mutation: When hurt, damage is shared between your health and your magic reserves. [demonic ancestry]
  3433 | D:3      | Reached XP level 6. HP: 31/41 MP: 11/11
  3436 | D:3      | Reached ** piety under Kikubaaqudgha
  4125 | D:4      | Reached skill level 4 in Spellcasting
  4160 | D:4      | Noticed a sky beast
  4171 | D:4      | Killed a sky beast
  4475 | D:4      | Reached skill level 8 in Necromancy
  4475 | D:4      | Gained mutation: A demonic guardian rushes to your aid. [demonic ancestry]
  4475 | D:4      | Reached XP level 7. HP: 33/46 MP: 5/13
  4991 | D:4      | Learned a level 4 spell: Control Undead
  4993 | D:5      | Entered Level 5 of the Dungeon
  5119 | D:5      | Noticed Ijyb
  5127 | D:5      | Killed Ijyb
  5358 | D:5      | Reached skill level 9 in Necromancy
  5386 | D:5      | Reached skill level 5 in Spellcasting
  5497 | D:5      | Learned a level 3 spell: Regeneration
  5534 | D:5      | HP: 12/46 [gnoll sergeant/vampiric spear (9)]
  5540 | D:5      | HP: 11/46 [poisoned by a worker ant]
  5547 | D:5      | HP: 10/46 [poisoned by a worker ant]
  5596 | D:5      | Reached XP level 8. HP: 19/52 MP: 2/15
  6127 | D:5      | Identified a scroll of acquirement
  6208 | D:6      | Noticed Sigmund
  6311 | D:6      | Reached *** piety under Kikubaaqudgha
  6311 | D:6      | Identified Kikubaaqudgha's Incunabulum of Darkness (Kikubaaqudgha gifted it to you on level 6 of the Dungeon)
  6311 | D:6      | Received a gift from Kikubaaqudgha
  6329 | D:6      | Reached skill level 10 in Necromancy
  6341 | D:6      | HP: 14/52 [hound (3)]
  6377 | D:6      | HP: 15/52 [hound (4)]
  6720 | D:6      | Got a pitted leather armour
  6812 | D:6      | Reached skill level 6 in Spellcasting
  6828 | D:6      | HP: 12/52 [orc wizard/magic dart (9)]
  7235 | D:6      | Reached skill level 1 in Armour
  7465 | D:6      | Reached skill level 2 in Armour
  7680 | D:7      | Noticed Prince Ribbit
  7694 | D:7      | Killed Prince Ribbit
  7694 | D:7      | Reached skill level 11 in Necromancy
  7694 | D:7      | Gained mutation: You have a pair of horns on your head. [demonic ancestry]
  7694 | D:7      | Reached XP level 9. HP: 44/57 MP: 13/18
  7712 | D:7      | Reached **** piety under Kikubaaqudgha
  7914 | D:7      | Reached skill level 1 in Fighting
  7964 | D:7      | Reached skill level 3 in Armour
  8203 | D:7      | Reached skill level 2 in Fighting
  8254 | D:8      | Noticed a two-headed ogre
  8264 | D:8      | Killed a two-headed ogre
  8266 | D:8      | Reached skill level 3 in Fighting
  8266 | D:8      | Reached skill level 4 in Armour
  8424 | D:8      | Noticed a troll
  8437 | D:8      | Killed a troll
  8437 | D:8      | Reached skill level 7 in Spellcasting
  8469 | D:8      | Learned a level 5 spell: Agony
  8637 | D:8      | Found a bloodstained altar of Trog.
  8694 | D:8      | Reached skill level 4 in Fighting
  8924 | D:8      | Identified the +1 leather armour of the Republic {Int+4 Stlth+} (You found it on level 6 of the Dungeon)
  9076 | D:8      | Got a fine hand axe
  9103 | D:8      | Identified the +6 hand axe of the Ghost {pain, Int+4} (You found it on level 8 of the Dungeon)
  9324 | D:8      | Noticed a two-headed ogre
  9331 | D:8      | Killed a two-headed ogre
  9331 | D:8      | Reached skill level 5 in Armour
  9331 | D:8      | Reached XP level 10. HP: 69/73 MP: 17/21
  9731 | D:9      | Reached skill level 5 in Fighting
  9800 | D:9      | Found Texiwnit's Antique Weapon Shoppe.
  9855 | D:9      | Reached ***** piety under Kikubaaqudgha
  9866 | D:9      | Found a staircase to the Orcish Mines.
  9932 | D:9      | Noticed a two-headed ogre
  9939 | D:9      | HP: 17/74 [two-headed ogre/giant club (17)]
  9940 | D:9      | Killed a two-headed ogre
  9940 | D:9      | Reached skill level 8 in Spellcasting
 10488 | D:9      | Upgraded the game from 0.21-a0-163-g3aa3f5d to 0.21-a0-170-g0398fc9
 10498 | D:10     | Entered Level 10 of the Dungeon
 10663 | D:10     | Reached skill level 6 in Fighting
 10663 | D:10     | Reached skill level 6 in Armour
 10696 | D:10     | Reached skill level 1 in Axes
 11157 | D:11     | Noticed Psyche
 11158 | D:11     | Found a staircase to the Lair.
 11160 | D:11     | Killed Psyche
 11223 | D:11     | Found a flagged portal.
 11245 | Bailey   | Entered a bailey
 11312 | Bailey   | Reached skill level 2 in Axes
 11941 | Lair:1   | Entered Level 1 of the Lair of Beasts
 11949 | Lair:1   | Reached skill level 7 in Fighting
 11949 | Lair:1   | Reached skill level 3 in Axes
 12339 | D:11     | Reached skill level 7 in Armour
 12339 | D:11     | Reached XP level 11. HP: 46/84 MP: 12/23
 12679 | D:11     | Noticed an ogre mage
 12686 | D:11     | Killed an ogre mage
 12686 | D:11     | Reached skill level 4 in Axes
 12985 | Lair:1   | Noticed a five-headed hydra
 12994 | Lair:1   | Killed a five-headed hydra
 13076 | Lair:1   | Noticed a fire dragon
 13120 | Lair:1   | Killed a fire dragon
 13120 | Lair:1   | Reached skill level 8 in Fighting
 13314 | Lair:1   | Noticed Grum
 13321 | Lair:1   | Killed Grum
 13379 | Lair:1   | Reached skill level 8 in Armour
 13498 | Lair:1   | Reached skill level 5 in Axes
 13519 | Lair:1   | Got a steaming steel ring
 13538 | Lair:1   | Identified the ring of Ejusteno {rElec rPois Str+7 Int-3} (You found it on level 1 of the Lair of Beasts)
 14507 | Lair:2   | Reached skill level 9 in Fighting
 14620 | Lair:2   | Reached skill level 6 in Axes
 14771 | Lair:2   | Found a glowing silver altar of Zin.
 15028 | Lair:2   | Found a staircase to the Shoals.
 15028 | Lair:2   | Noticed a sea snake
 15035 | Lair:2   | Killed a sea snake
 15035 | Lair:2   | Reached XP level 12. HP: 95/95 MP: 24/24
 15236 | Lair:3   | Reached skill level 9 in Armour
 15360 | Lair:3   | Noticed a queen ant
 15375 | Lair:3   | Reached ****** piety under Kikubaaqudgha
 15406 | Lair:3   | Killed a queen ant
 15407 | Lair:3   | HP: 29/97 [poisoned by a queen ant]
 15412 | Lair:3   | HP: 27/97 [poisoned by a queen ant]
 15415 | Lair:3   | Reached skill level 7 in Axes
 15417 | Lair:3   | HP: 27/97 [poisoned by a queen ant]
 15422 | Lair:3   | HP: 29/97 [poisoned by a queen ant]
 15509 | Lair:3   | Reached skill level 10 in Fighting
 15712 | Lair:3   | HP: 18/97 [rime drake/flash freeze (20)]
 15720 | Lair:3   | HP: 22/97 [poisoned by a black mamba]
 15728 | Lair:3   | HP: 23/97 [poisoned by a black mamba]
 16427 | Lair:1   | HP: 29/98 [poisoned by a black mamba]
 16432 | Lair:1   | HP: 25/98 [poisoned by a black mamba]
 16437 | Lair:1   | HP: 28/98 [poisoned by a black mamba]
 16804 | Lair:4   | Found a staircase to the Snake Pit.
 16903 | Lair:4   | Reached skill level 10 in Armour
 17153 | Lair:4   | Noticed a six-headed hydra
 17157 | Lair:4   | Killed a six-headed hydra
 17157 | Lair:4   | Reached skill level 8 in Axes
 17868 | Lair:5   | Reached skill level 11 in Fighting
 17887 | Lair:5   | Reached XP level 13. HP: 104/106 MP: 22/25
 18107 | Lair:5   | Found a viscous altar of Jiyva.
 18107 | Lair:5   | Found a staircase to the Slime Pits.
 18342 | Lair:5   | Found a glowing silver altar of Zin.
 18529 | Lair:6   | Entered Level 6 of the Lair of Beasts
 18621 | Lair:6   | Paralysed by a hornet for 1 turns
 18630 | Lair:6   | HP: 26/106 [spiny frog (19)]
 18631 | Lair:6   | HP: 9/106 [spiny frog (17)]
 18636 | Lair:6   | HP: 18/106 [water moccasin (2)]
 18898 | Lair:6   | Reached skill level 9 in Axes
 19051 | Lair:6   | HP: 27/106 [wyvern (12)]
 19396 | Lair:5   | Reached skill level 11 in Armour
 20249 | Lair:6   | Reached skill level 12 in Fighting
 20271 | Lair:6   | HP: 28/108 [black mamba (6)]
 20276 | Lair:6   | HP: 23/108 [poisoned by a black mamba]
 20281 | Lair:6   | HP: 20/108 [poisoned by a black mamba]
 20287 | Lair:6   | HP: 18/108 [poisoned by a black mamba]
 20292 | Lair:6   | HP: 17/108 [poisoned by a black mamba]
 20299 | Lair:6   | HP: 17/108 [poisoned by a black mamba]
 20307 | Lair:6   | HP: 17/108 [poisoned by a black mamba]
 20541 | Lair:6   | Reached skill level 10 in Axes
 20600 | Lair:6   | Noticed a fire dragon
 20618 | Lair:6   | Killed a fire dragon
 20643 | Lair:6   | Got a clouded marble ring
 20689 | Lair:6   | Identified the ring of Zuat {Int+4 Dex+2} (You found it on level 6 of the Lair of Beasts)
 21298 | Orc:1    | Entered Level 1 of the Orcish Mines
 21717 | Orc:1    | Noticed an orc warlord
 21742 | D:9      | Killed an orc warlord
 21742 | D:9      | Reached skill level 12 in Armour
 21742 | D:9      | Gained mutation: You are partially covered in icy blue scales. (AC +2) [demonic ancestry]
 21742 | D:9      | Reached XP level 14. HP: 49/116 MP: 0/26
 22374 | Orc:2    | Entered Level 2 of the Orcish Mines
 22458 | Orc:2    | Found a dark tunnel.
 22496 | Volcano  | Entered a volcano
 22529 | Volcano  | Found a burning altar of Makhleb.
 22588 | Volcano  | HP: 32/116 [red draconian/halberd of flaming (9)]
 22934 | Orc:2    | Upgraded the game from 0.21-a0-170-g0398fc9 to 0.21-a0-171-g0f4a3b6
 23051 | Orc:2    | Found a staircase to the Elven Halls.
 23334 | Orc:2    | Paralysed by an orc sorcerer for 6 turns
 23513 | Orc:2    | Noticed an orc warlord
 23536 | Orc:2    | Killed an orc warlord
 23666 | Orc:2    | Noticed Blork the orc
 23726 | Orc:2    | Killed Blork the orc
 23730 | Orc:2    | Found a roughly hewn altar of Beogh.
 23760 | Orc:2    | Reached skill level 11 in Axes
 23893 | Orc:2    | Found Tiptakh's Antique Armour Shop.
 23926 | Orc:2    | Found Tufyaze's Antique Weapon Shop.
 23943 | Orc:2    | Found Soninn's General Store.
 23960 | Orc:2    | Found Yhiel's Book Shop.
 24265 | Orc:2    | Bought a pair of gloves for 153 gold pieces
 24265 | Orc:2    | Bought a dazzling plate armour for 952 gold pieces
 24266 | Orc:2    | Identified the +10 plate armour of the Barber Surgeon {Str+5} (You bought it in a shop on level 2 of the Orcish Mines)
 25671 | D:13     | Reached skill level 12 in Necromancy
 25773 | D:13     | Found Kag Kisch's Weapon Boutique.
 25986 | D:13     | Noticed Josephine
 26005 | D:13     | Killed Josephine
 26561 | D:14     | Reached skill level 13 in Armour
 26797 | D:14     | Got a crude tin amulet
 26798 | D:14     | Identified the amulet "Diyca" {RegenMP rN++ Str-2 Dex+6} (You found it on level 14 of the Dungeon)
 26873 | D:14     | Found a gate to the Vaults.
 26976 | D:14     | Gained mutation: You are mostly covered in icy blue scales. (AC +3) [demonic ancestry]
 26976 | D:14     | Reached XP level 15. HP: 119/122 MP: 27/27
 27287 | D:15     | Entered Level 15 of the Dungeon
 27329 | D:15     | Reached skill level 12 in Axes
 27565 | D:15     | Reached skill level 13 in Necromancy
 27843 | D:15     | Found a white marble altar of Elyvilon.
 28301 | D:15     | Found a staircase to the Depths.
 28677 | Snake:1  | Entered Level 1 of the Snake Pit
 28839 | Snake:1  | Noticed Azrael
 28864 | Snake:1  | Killed Azrael
 29049 | Snake:1  | Reached skill level 14 in Armour
 29306 | Snake:1  | Reached skill level 14 in Necromancy
 29356 | Snake:1  | HP: 29/122 [naga sharpshooter/bolt (12)]
 29364 | Snake:1  | Reached skill level 13 in Axes
 29365 | Snake:1  | HP: 29/122 [poisoned by a naga (splash of poison)]
 29839 | Snake:1  | Gained mutation: You regenerate magic rapidly. [demonic ancestry]
 29839 | Snake:1  | Reached XP level 16. HP: 110/129 MP: 23/28
 30228 | Snake:2  | Got a faintly glowing scale mail
 30229 | Snake:2  | Identified the +1 scale mail of Lets {-Cast rN+ MP+9 Str+5} (You found it on level 2 of the Snake Pit)
 32376 | Snake:4  | Entered Level 4 of the Snake Pit
 32517 | Snake:4  | HP: 35/129 [black mamba (5)]
 32522 | Snake:3  | HP: 22/129 [poisoned by a black mamba]
 32527 | Snake:3  | HP: 31/129 [poisoned by a black mamba]
 32532 | Snake:3  | HP: 25/129 [poisoned by a black mamba]
 32537 | Snake:3  | HP: 21/129 [poisoned by a black mamba]
 32543 | Snake:3  | HP: 18/129 [poisoned by a black mamba]
 32549 | Snake:3  | HP: 17/129 [poisoned by a black mamba]
 32555 | Snake:3  | HP: 17/129 [poisoned by a black mamba]
 32563 | Snake:3  | HP: 17/129 [poisoned by a black mamba]
 33254 | Snake:4  | Reached skill level 15 in Necromancy
 33297 | Snake:4  | Reached skill level 1 in Charms
 33382 | Snake:4  | HP: 36/129 [naga warrior/halberd (12)]
 33387 | Snake:4  | HP: 23/129 [poisoned by a naga mage (splash of poison)]
 33402 | Snake:4  | HP: 24/129 [black mamba (4)]
 33412 | Snake:4  | HP: 38/129 [naga warrior/trident (3)]
 33420 | Snake:4  | HP: 31/129 [naga warrior/trident (14)]
 33421 | Snake:4  | HP: 13/129 [naga sharpshooter/bolt (18)]
 33424 | Snake:4  | Reached skill level 15 in Armour
 33425 | Snake:4  | HP: 5/129 [naga sharpshooter/bolt (18)]
 33431 | Snake:4  | HP: 27/129 [poisoned by a nagaraja (splash of poison)]
 33439 | Snake:4  | HP: 26/129 [poisoned by a nagaraja (splash of poison)]
 33444 | Snake:4  | HP: 24/129 [mana viper (2)]
 33450 | Snake:4  | HP: 23/129 [naga mage/orb of energy (2)]
 33462 | Snake:4  | HP: 21/129 [poisoned by a naga mage (splash of poison)]
 33467 | Snake:4  | HP: 12/129 [naga sharpshooter/bolt (8)]
 33467 | Snake:4  | Reached skill level 2 in Charms
 33472 | Snake:4  | HP: 10/129 [poisoned by a naga mage (splash of poison)]
 33478 | Snake:3  | HP: 8/129 [poisoned by a naga sharpshooter (splash of poison)]
 33484 | Snake:3  | HP: 7/129 [poisoned by a naga sharpshooter (splash of poison)]
 33492 | Snake:3  | HP: 7/129 [poisoned by a naga sharpshooter (splash of poison)]
 33500 | Snake:3  | HP: 8/129 [poisoned by a naga sharpshooter (splash of poison)]
 33661 | Lair:1   | Got an encrusted hat
 33672 | Lair:1   | Identified the +0 hat of Yesterday {rF+ Int-5 SInv} (You acquired it on level 1 of the Lair of Beasts)
 33889 | Shoals:1 | Entered Level 1 of the Shoals
 33980 | Shoals:1 | Reached skill level 1 in Evocations
 34096 | Shoals:1 | Reached skill level 14 in Axes
 34165 | Shoals:1 | Reached skill level 2 in Evocations
 34613 | Shoals:2 | Got a wavering platinum ring
 34614 | Shoals:2 | Identified the ring "Alub" {rC+ Dex+7 Slay-3} (You found it on level 2 of the Shoals)
 34702 | Shoals:2 | Noticed Nikola
 34798 | Shoals:2 | Reached skill level 3 in Evocations
 34912 | Shoals:2 | Noticed Frances
 34927 | Shoals:2 | Killed Frances
 34991 | Shoals:2 | Killed Nikola
 35005 | Shoals:2 | Reached skill level 4 in Evocations
 35366 | Shoals:3 | Gained mutation: When low on magic, you restore magic in place of health. [demonic ancestry]
 35366 | Shoals:3 | Reached XP level 17. HP: 113/135 MP: 21/29
 36317 | Snake:4  | Reached skill level 5 in Evocations
 36447 | Snake:4  | Reached skill level 3 in Charms
 36624 | Snake:4  | Reached skill level 4 in Charms
 36646 | Snake:4  | HP: 38/135 [naga mage/orb of energy (8)]
 36662 | Snake:4  | HP: 40/135 [poisoned by a naga mage (splash of poison)]
 36693 | Snake:4  | HP: 38/135 [naga/halberd (7)]
 36698 | Snake:4  | HP: 36/135 [naga mage/flail (4)]
 36703 | Snake:4  | HP: 39/135 [poisoned by a naga (splash of poison)]
 36711 | Snake:4  | HP: 38/135 [poisoned by a naga (splash of poison)]
 36743 | Snake:4  | Got a serpentine rune of Zot
 37294 | Lair:1   | Learned a level 6 spell: Death Channel
 37402 | Vaults:1 | Entered Level 1 of the Vaults
 37468 | Vaults:1 | Reached skill level 15 in Axes
 37468 | Vaults:1 | Reached skill level 16 in Armour
 37929 | Vaults:1 | Paralysed by a wizard for 3 turns
 38135 | Vaults:1 | Reached skill level 9 in Spellcasting
 38234 | Vaults:1 | Identified the +1 ring mail of Ezxiot Felim {rElec Str-2 Slay+3} (You found it on level 1 of the Vaults)
 38724 | Vaults:1 | Reached skill level 13 in Fighting
 38774 | Vaults:2 | Cast into level 2 of the Abyss (a deep elf demonologist)
 38803 | Abyss:2  | Found a shadowy altar of Dithmenos.
 38894 | Abyss:2  | Noticed a bone dragon
 38908 | Abyss:2  | Killed a bone dragon
 38942 | Abyss:2  | Gained mutation: You are completely covered in icy blue scales. (AC +4, rC+) [demonic ancestry]
 38942 | Abyss:2  | Reached XP level 18. HP: 66/143 MP: 26/31
 38959 | Abyss:2  | HP: 42/143 [starcursed mass/accursed screaming (7)]
 38966 | Vaults:2 | Escaped the Abyss
 38969 | Vaults:2 | HP: 28/143 [ironheart preserver/dire flail (10)]
 38973 | Vaults:2 | Noticed an Ice Fiend
 38975 | Vaults:2 | HP: 34/143 [Ice Fiend/bolt of cold[an ironheart preserver] (11)]
 39494 | Vaults:2 | Found a staircase to the Crypt.
 39494 | Vaults:2 | Found an ancient bone altar of Kikubaaqudgha.
 39495 | Vaults:2 | Found a basalt altar of Yredelemnul.
 39560 | Vaults:2 | Noticed an Ice Fiend
 39852 | Vaults:2 | Found a gateway to a bazaar.
 39859 | Bazaar   | Entered a bazaar
 39882 | Bazaar   | Found Ocziuc's Assorted Antiques.
 39899 | Bazaar   | Found Lixeg's Antique Weapon Boutique.
 39938 | Bazaar   | Found Ethraenk's Antique Armour Emporium.
 39952 | Bazaar   | Found Wiguf's Weapon Emporium.
 39979 | Bazaar   | Bought a pair of glowing boots for 172 gold pieces
 40061 | Vaults:2 | Reached skill level 10 in Spellcasting
 40443 | Vaults:2 | Noticed a Tzitzimitl
 40665 | Vaults:2 | Reached skill level 14 in Fighting
 40669 | Vaults:2 | Noticed a Tzitzimitl
 40742 | Vaults:1 | Reached skill level 16 in Axes
 40928 | Vaults:2 | Got a pitted pewter amulet
 41591 | Vaults:2 | Upgraded the game from 0.21-a0-171-g0f4a3b6 to 0.21-a0-176-gb3d4b37
 41709 | Vaults:2 | HP: 42/145 [crystal guardian/crystal bolt (12)]
 41831 | Vaults:3 | Paralysed by a sphinx for 5 turns
 41939 | Vaults:3 | Paralysed by a Zot trap for 4 turns
 42021 | Vaults:3 | Reached skill level 11 in Spellcasting
 42041 | Vaults:3 | Found Xihazeog's Gadget Shop.
 42603 | Vaults:3 | Paralysed by a hornet for 2 turns
 42738 | Vaults:3 | Reached XP level 19. HP: 77/152 MP: 13/34
 42875 | Vaults:3 | Paralysed by an orc sorcerer for 2 turns
 43094 | Vaults:3 | HP: 29/154 [tengu reaver/bolt of magma (34)]
 43095 | Vaults:3 | HP: 9/154 [phantasmal warrior (20)]
 43100 | Vaults:3 | HP: 4/154 [frost giant/bolt of cold (15)]
 43267 | Vaults:3 | Reached skill level 15 in Fighting
 43299 | Vaults:3 | HP: 46/155 [frost giant/battleaxe of freezing (25)]
 43317 | Vaults:3 | HP: 39/155 [cyclops (13)]
 43344 | Vaults:2 | HP: 44/155 [two-headed ogre/giant club (6)]
 43351 | Vaults:2 | HP: 45/155 [two-headed ogre/giant club (5)]
 43370 | Vaults:2 | HP: 41/155 [fire dragon/blast of flame (19)]
 43375 | Vaults:2 | HP: 31/155 [fire dragon/blast of flame (34)]
 43533 | Vaults:2 | Reached skill level 17 in Axes
 43604 | Vaults:2 | Reached skill level 16 in Necromancy
 43859 | Vaults:3 | Identified the amulet of Oqoboghuich {+Rage rF+ rN+ Dex-3 SInv} (You took it off a vault sentinel on level 2 of the Vaults)
 44127 | Vaults:3 | Upgraded the game from 0.21-a0-176-gb3d4b37 to 0.21-a0-210-gbfa5647
 44360 | Vaults:4 | Found a magical portal.
 44405 | WizLab   | Entered Wucad Mu's Monastery
 44477 | WizLab   | HP: 42/155 [monstrous demonspawn[old memories] (6)]
 44483 | WizLab   | HP: 34/155 [monstrous demonspawn[old memories] (3)]
 44490 | WizLab   | HP: 25/155 [grey draconian monk[old memories] (12)]
 44495 | WizLab   | HP: 19/155 [grey draconian monk[old memories] (7)]
 44617 | WizLab   | Found the +9 staff of Wucad Mu {channel}
 44678 | WizLab   | Gained mutation: Your flesh is cold resistant. (rC+) [demonic ancestry]
 44678 | WizLab   | Reached XP level 20. HP: 81/162 MP: 21/35
 44946 | Vaults:4 | Reached skill level 17 in Necromancy
 45019 | Vaults:4 | Reached skill level 18 in Axes
 45237 | Vaults:4 | Gained mutation: You have a pair of large horns on your head. [demonic ancestry]
 45237 | Vaults:4 | Reached XP level 21. HP: 130/168 MP: 23/36
 45753 | Vaults:4 | Cast into level 2 of the Abyss (a deep elf sorcerer)
 46121 | Abyss:2  | Gained mutation: You tend to lose your temper in combat. [a neqoxec]
 46324 | Vaults:4 | Escaped the Abyss
 46635 | Vaults:4 | Reached skill level 18 in Necromancy
 46659 | Vaults:4 | Found Xeblev's Magic Scroll Shoppe.
 46671 | Vaults:4 | Bought a scroll of blinking for 157 gold pieces
 46720 | Vaults:4 | Upgraded the game from 0.21-a0-210-gbfa5647 to 0.21-a0-221-gfe971b9
 47565 | Crypt:1  | Entered Level 1 of the Crypt
 47609 | Crypt:1  | Noticed Mara
 47665 | Crypt:1  | Noticed Gorice's illusion
 47670 | Crypt:1  | HP: 43/168 [Mara/bolt of fire (41)]
 47680 | Crypt:1  | HP: 24/168 [??? (7)]
 47685 | Crypt:1  | HP: 36/168 [death knight/enchanted broad axe (1)]
 47690 | Crypt:1  | HP: 37/168 [something] (10)]
 47699 | Crypt:1  | HP: 46/168 [ghoul[a death knight] (3)]
 47727 | Crypt:1  | Paralysed by a sphinx for 7 turns
 47728 | Crypt:1  | HP: 49/168 [eidolon (10)]
 47731 | Crypt:1  | HP: 17/168 [sphinx/divine providence (10)]
 47733 | Crypt:1  | HP: 8/168 [sphinx (3)]
 47735 | Crypt:1  | HP: 3/168 [revenant (8)]
 48050 | Lair:1   | Learned a level 5 spell: Dispel Undead
 48134 | Elf:1    | Entered Level 1 of the Elven Halls
 48348 | Elf:1    | Found Weud's Weapon Shop.
 48459 | Elf:1    | HP: 29/168 [deep elf annihilator/crystal spear (36)]
 48466 | Elf:1    | HP: 34/168 [poisoned by a deep elf annihilator (poison arrow)]
 48480 | Elf:1    | HP: 25/168 [deep elf annihilator/iron shot (10)]
 48489 | Elf:1    | HP: 15/168 [deep elf mage/bolt of lightning (10)]
 48495 | Elf:1    | HP: 6/168 [deep elf annihilator/iron shot (9)]
 48514 | Elf:1    | HP: 36/168 [deep elf mage/bolt of lightning (4)]
 48605 | Elf:1    | Reached skill level 19 in Axes
 48648 | Elf:1    | Identified the Tome of the Escort
 49053 | Elf:2    | Found a radiant altar of Vehumet.
 49115 | Elf:2    | Found Sitriushruu's General Store.
 49281 | Elf:2    | Found a huge runed gate.
 49281 | Elf:2    | Found a huge runed gate.
 49281 | Elf:2    | Found a huge runed gate.
 49282 | Elf:2    | Found a huge runed gate.
 49298 | Elf:2    | Found a huge runed gate.
 49735 | Elf:2    | Reached skill level 19 in Necromancy
 49970 | Elf:2    | HP: 49/168 [poisoned by a halberd of venom]
 49981 | Elf:2    | HP: 49/168 [halberd of venom (2)]
 49983 | Elf:2    | HP: 17/168 [antimagic bardiche (21)]
 49989 | Elf:2    | HP: 17/168 [poisoned by a halberd of venom]
 49990 | Elf:2    | HP: 5/168 [halberd of venom (6)]
 49993 | Elf:2    | HP: 2/168 [poisoned by a halberd of venom]
 50452 | Lair:1   | Learned a level 3 spell: Spectral Weapon
 50695 | Crypt:1  | Noticed Gorice's illusion
 50721 | Crypt:1  | Killed Mara
 50883 | Crypt:1  | Noticed Donald
 50890 | Crypt:1  | Killed Donald
 50890 | Crypt:1  | Gained mutation: You are immune to freezing clouds. [demonic ancestry]
 50890 | Crypt:1  | Reached XP level 22. HP: 154/175 MP: 27/37
 51054 | Crypt:1  | Reached skill level 20 in Axes
 51211 | Crypt:1  | Noticed Khufu
 51236 | Crypt:1  | Killed Khufu
 51391 | Crypt:1  | Reached skill level 2 in Dodging
 51452 | Crypt:1  | Reached skill level 1 in Hexes
 51494 | Crypt:1  | Noticed a greater mummy
 51506 | Crypt:1  | Killed a greater mummy
 51506 | Crypt:1  | Reached skill level 3 in Dodging
 51506 | Crypt:1  | Reached skill level 2 in Hexes
 51936 | Crypt:2  | Reached skill level 4 in Dodging
 51944 | Crypt:2  | Reached skill level 3 in Hexes
 52038 | Crypt:2  | Reached skill level 5 in Dodging
 52181 | Crypt:2  | Reached skill level 4 in Hexes
 52329 | Crypt:2  | Reached skill level 6 in Dodging
 52416 | Crypt:2  | Got a smoking ring mail
 52417 | Crypt:2  | Identified the +2 ring mail of the Dungeon {rElec} (You found it on level 2 of the Crypt)
 52687 | Crypt:2  | Upgraded the game from 0.21-a0-221-gfe971b9 to 0.21-a0-225-g207ae17
 52916 | Crypt:1  | Reached skill level 5 in Hexes
 52975 | Crypt:2  | Reached skill level 7 in Dodging
 53012 | Crypt:3  | Entered Level 3 of the Crypt
 53208 | Crypt:3  | Found a staircase to the Tomb.
 53568 | Crypt:3  | Reached skill level 8 in Dodging
 53588 | Crypt:3  | Reached skill level 5 in Charms
 53882 | Crypt:3  | Got a pitted bone ring
 53936 | Crypt:3  | Identified the ring of Dusch {+Blink rPois} (You took it off an ancient champion on level 3 of the Crypt)
 53949 | Crypt:3  | Noticed a curse toe
 53968 | Crypt:3  | Reached skill level 9 in Dodging
 53976 | Crypt:3  | Killed a curse toe
 53987 | Crypt:3  | Found the amulet of the Four Winds {rN+ MR+++ Clar}
 54161 | Crypt:3  | Reached skill level 6 in Charms
 54199 | Crypt:3  | Found an ancient bone altar of Kikubaaqudgha.
 54201 | Crypt:3  | Found a basalt altar of Yredelemnul.
 54230 | Crypt:3  | Reached XP level 23. HP: 173/181 MP: 36/38
 54245 | Crypt:3  | Identified the Disquisition on Quantum Contamination
 54314 | Crypt:3  | Identified Sif Muna's Incunabulum of Dark Magic
 54813 | Elf:3    | Entered Level 3 of the Elven Halls
 54843 | Elf:3    | Noticed Louise
 54858 | Elf:3    | Killed Louise
 54939 | Elf:3    | Reached skill level 10 in Dodging
 54947 | Elf:3    | Identified Sif Muna's Catalogue of Harmful Transmutation
 54959 | Elf:3    | Noticed Roxanne
 55012 | Elf:3    | Killed Roxanne
 55013 | Elf:3    | Identified Roxanne's Guide on Changing (You took it off Roxanne on level 3 of the Elven Halls)
 55047 | Elf:3    | Found Caugesu's Assorted Antiques.
 55048 | Elf:3    | Found Kasirphi's Antique Weapon Shoppe.
 55048 | Elf:3    | Found Zemmip's General Store.
 55051 | Elf:3    | Found Migyish's Gadget Emporium.
 55074 | Elf:3    | Bought a scroll of enchant armour for 82 gold pieces
 55074 | Elf:3    | Bought the +3 pair of gauntlets of War {Slay+5} for 522 gold pieces
 55074 | Elf:3    | Found the +3 pair of gauntlets of War {Slay+5}
 55087 | Elf:3    | Bought a potion of haste for 340 gold pieces
 55087 | Elf:3    | Bought a scroll of enchant armour for 255 gold pieces
 55115 | Elf:3    | Found Olefrebe's Antique Weapon Shop.
 55248 | Elf:3    | Got an ancient battleaxe {chop}
 55369 | Elf:3    | Identified the +4 battleaxe of Mana {chop, Int+2} (You took it off a deep elf mage on level 3 of the Elven Halls)
 55473 | Elf:3    | Reached skill level 7 in Charms
 55612 | Elf:3    | HP: 49/181 [ghostly deep elf blademaster/short sword (9)]
 55613 | Elf:3    | HP: 13/181 [ghostly deep elf blademaster/short sword (12)]
 55770 | Elf:3    | Reached skill level 11 in Dodging
 55930 | Elf:3    | Identified the Guide on Floating Stones
 56091 | Elf:3    | Got a jewelled hand crossbow
 56117 | Elf:3    | Got a polished plate armour
 56118 | Elf:3    | Identified the +5 plate armour of Lethargy {Int+4} (You found it on level 3 of the Elven Halls)
 56128 | Elf:3    | Identified Sif Muna's Papyrus of Unstable Dislocation
 56446 | Lair:1   | Learned a level 2 spell: Swiftness
 56553 | Depths:1 | Entered Level 1 of the Depths
 56561 | Depths:1 | Reached skill level 6 in Hexes
 56644 | Depths:1 | HP: 48/181 [spriggan berserker/hand axe of chopping (21)]
 56664 | Depths:1 | HP: 54/181 [spriggan berserker/hand axe of chopping (1)]
 56667 | Depths:1 | Reached skill level 12 in Dodging
 56821 | Depths:1 | Found a gateway to Hell.
 56975 | Depths:1 | Found the +8 Wrath of Trog {antimagic, *Rage}
 57006 | Depths:1 | Found Goavoeh's General Store.
 57194 | Depths:1 | Reached skill level 13 in Dodging
 57315 | Depths:1 | Reached skill level 7 in Hexes
 57660 | Depths:1 | Reached skill level 14 in Dodging
 57719 | Depths:2 | HP: 50/181 [flayed ghost/flay_damage (23)]
 57849 | Depths:2 | Reached skill level 8 in Hexes
 57860 | Depths:2 | Got an ancient turquoise ring
 57867 | Depths:2 | Identified the ring "Aheokucreh" {rCorr MR+} (You found it on level 2 of the Depths)
 57957 | Depths:2 | Got a faintly glowing lajatang
 58042 | Depths:2 | Reached skill level 15 in Dodging
 58136 | Depths:2 | Found a gateway to a ziggurat.
 58477 | Depths:2 | Reached skill level 9 in Hexes
 58477 | Depths:2 | Gained mutation: A powerful demonic guardian rushes to your aid. [demonic ancestry]
 58477 | Depths:2 | Reached XP level 24. HP: 140/188 MP: 25/38
 58674 | Depths:2 | Reached skill level 16 in Dodging
 58736 | Depths:2 | Upgraded the game from 0.21-a0-225-g207ae17 to 0.21-a0-227-g58a7c62
 58995 | Depths:3 | Reached skill level 8 in Charms
 59276 | Depths:3 | Noticed Boris
 59283 | Depths:3 | Killed Boris
 59298 | Depths:3 | Found an ancient bone altar of Kikubaaqudgha.
 59424 | Depths:3 | Reached skill level 12 in Spellcasting
 59492 | Depths:3 | Reached skill level 16 in Fighting
 59559 | Depths:3 | Found a shadowy altar of Dithmenos.
 59602 | Depths:3 | Found a hide-covered altar of Uskayaw.
 59730 | Depths:3 | Found a one-way gate leading to the halls of Pandemonium.
 59770 | Depths:3 | Got an ichor-stained scale mail
 60037 | Depths:3 | Found a sparkling altar of Nemelex Xobeh.
 60192 | Depths:3 | Found the +7 sceptre of Torment
 60197 | Depths:3 | Got a pair of brightly glowing boots
 60225 | Depths:3 | Identified the +0 pair of boots "Vyleo" {SInv} (You found it on level 3 of the Depths)
 60578 | Depths:4 | Reached skill level 13 in Spellcasting
 60614 | Depths:4 | Noticed a juggernaut
 60643 | Depths:4 | Killed a juggernaut
 60772 | Depths:4 | Reached skill level 17 in Fighting
 60811 | Depths:4 | Gained mutation: A frigid envelope surrounds you and freezes all who hurt you. [demonic ancestry]
 60811 | Depths:4 | Reached XP level 25. HP: 84/201 MP: 21/40
 60812 | Depths:4 | Found a shadowy altar of Dithmenos.
 60860 | Depths:4 | Upgraded the game from 0.21-a0-227-g58a7c62 to 0.21-a0-228-g14ccbf3
 60894 | Depths:4 | Found a one-way gate to the infinite horrors of the Abyss.
 61191 | Depths:4 | Reached skill level 14 in Spellcasting
 61859 | Depths:5 | Entered Level 5 of the Depths
 62014 | Depths:5 | Found a gate to the Realm of Zot.
 62041 | Depths:5 | HP: 58/203 [spriggan berserker/war axe of chopping (8)]
 62043 | Depths:5 | Reached skill level 18 in Fighting
 62048 | Depths:5 | HP: 55/204 [poisoned by a red draconian]
 63076 | D:15     | Upgraded the game from 0.21-a0-228-g14ccbf3 to 0.21-a0-229-g3587535
 63211 | Lair:1   | Learned a level 1 spell: Apportation
 63214 | Lair:1   | Learned a level 2 spell: Blink
 63285 | Shoals:4 | Entered Level 4 of the Shoals
 63493 | Shoals:4 | Identified the +5 hand axe of a ziggurat {freeze, *Contam +Rage rElec} (You found it on level 4 of the Shoals)
 63508 | Shoals:4 | Noticed Ilsuiw
 63520 | Shoals:4 | Killed Ilsuiw
 63656 | Shoals:4 | Reached skill level 15 in Spellcasting
 63778 | Shoals:4 | Reached skill level 1 in Translocations
 63805 | Shoals:4 | Got a barnacled rune of Zot
 64421 | Vaults:2 | Reached skill level 2 in Translocations
 64589 | Vaults:5 | Entered Level 5 of the Vaults
 64603 | Vaults:4 | Reached skill level 3 in Translocations
 64641 | Vaults:5 | Reached skill level 4 in Translocations
 64690 | Vaults:5 | Reached skill level 5 in Translocations
 64705 | Vaults:5 | Reached skill level 19 in Fighting
 64707 | Vaults:5 | Noticed an ancient lich
 64715 | Vaults:5 | Killed an ancient lich
 64754 | Vaults:5 | Got a silver rune of Zot
 64838 | Vaults:5 | Reached skill level 6 in Translocations
 64871 | Vaults:5 | Identified Keofuep's Guide on Cloudy Stolen Souls
 65046 | Vaults:5 | Reached XP level 26. HP: 206/215 MP: 41/42
 65072 | Vaults:5 | Reached skill level 7 in Translocations
 65349 | Vaults:5 | Reached skill level 8 in Translocations
 65560 | Vaults:5 | Reached skill level 20 in Fighting
 66164 | Vaults:5 | Got a heavily runed bronze ring
 66180 | Vaults:5 | Identified the ring of the Secret Continents {Fire rPois rN+++ MR- Int-5} (You found it on level 5 of the Vaults)
 66187 | Vaults:5 | Got a wavering turquoise ring
 66188 | Vaults:5 | Identified the ring "Ommag" {Ice MR- MP+9 Str+9 Slay-3} (You found it on level 5 of the Vaults)
 66192 | Vaults:5 | Upgraded the game from 0.21-a0-229-g3587535 to 0.21-a0-237-g87df72b
 66614 | Lair:1   | Got a pitted bronze ring
 66615 | Lair:1   | Identified the ring "Yzohe" {rF++ MR+ Slay+3} (You acquired it on level 1 of the Lair of Beasts)
 66634 | Lair:1   | Identified a +5 battleaxe of pain (a +3 battleaxe of freezing bloodied by Kikubaaqudgha)
 66634 | Lair:1   | Received a gift from Kikubaaqudgha
 66881 | Zot:1    | Entered Level 1 of the Realm of Zot
 67018 | Zot:1    | Noticed an orb of fire
 67038 | Zot:1    | HP: 51/218 [orb of fire/bolt of fire (48)]
 67046 | Zot:1    | Killed an orb of fire
 67049 | Zot:1    | HP: 45/218 [white draconian/chilling blast (8)]
 67059 | Zot:1    | HP: 39/218 [white draconian/chilling blast (9)]
 67066 | Zot:1    | HP: 55/218 [yellow draconian/broad axe (14)]
 67117 | Zot:1    | HP: 61/219 [death cob (14)]
 67122 | Zot:1    | HP: 39/219 [death cob (1)]
 67157 | Zot:1    | HP: 62/219 [electric golem (5)]
 67986 | Zot:2    | Reached skill level 17 in Armour
 68120 | Zot:2    | Reached skill level 21 in Fighting
 68192 | Zot:2    | Noticed an orb of fire
 68279 | Zot:2    | Killed an orb of fire
 68668 | Zot:2    | Noticed an orb of fire
 68678 | Zot:2    | Killed an orb of fire
 68698 | Zot:3    | Noticed an orb of fire
 68701 | Zot:3    | Gained mutation: You are clumsy. (Dex -2) [an orb of fire]
 68708 | Zot:3    | Gained mutation: Your magical capacity is low. (-10% MP) [an orb of fire]
 68711 | Zot:3    | Killed an orb of fire
 68711 | Zot:3    | Reached XP level 27. HP: 132/228 MP: 26/37
 68791 | Zot:3    | Found a stormy altar of Qazlal.
 69580 | Zot:3    | Reached skill level 18 in Armour
 69678 | Zot:3    | HP: 69/231 [poisoned by a green draconian monk]
 69683 | Zot:3    | HP: 65/231 [poisoned by a green draconian monk]
 69688 | Zot:3    | HP: 65/231 [poisoned by a green draconian monk]
 69693 | Zot:3    | HP: 66/231 [poisoned by a green draconian monk]
 69709 | Zot:3    | Identified Sif Muna's Papyrus of the Zealot
 69734 | Zot:3    | Identified the Tome of Fire and Brimstone
 69830 | Zot:4    | Reached skill level 22 in Fighting
 70658 | Zot:5    | Entered Level 5 of the Realm of Zot
 70801 | Zot:5    | Reached skill level 19 in Armour
 70862 | Zot:5    | Reached skill level 20 in Necromancy
 71081 | Zot:5    | Noticed an ancient lich
 71086 | Zot:5    | Killed an ancient lich
 71243 | Zot:5    | Learned a level 3 spell: Recall
 71421 | Zot:5    | Reached skill level 17 in Dodging
 71464 | Zot:5    | Noticed an ancient lich
 71466 | Zot:5    | Killed an ancient lich
 71646 | Zot:5    | Reached skill level 20 in Armour
 71832 | Zot:5    | Got the Orb of Zot
 71927 | Zot:3    | Noticed Ezeduv the pandemonium lord
 71958 | Zot:3    | Killed Ezeduv the pandemonium lord
 72193 | Depths:1 | Noticed Woocuax the pandemonium lord
 72206 | Depths:1 | Killed Woocuax the pandemonium lord
 72212 | Depths:1 | Reached skill level 18 in Dodging
 72274 | D:15     | Noticed Rialon the pandemonium lord
 72336 | D:13     | Noticed Akkaleije the pandemonium lord
 72355 | D:13     | Killed Akkaleije the pandemonium lord
 72756 | D:$      | Escaped with the Orb!

Vault maps used:
D:1:      erik_arrival_blinker_ship, hex_large, minmay_tromino_v4_c
D:2:      grunt_ministairs_2
D:3:      serial_undead, serial_undead_e, serial_undead_a, serial_undead_f,
          serial_undead_a, first_bread
D:4:      minmay_temple_entry_glassed_door, serial_shops,
          nicolae_shop_waterfront
D:5:      serial_curves, eino_curves_02, eino_curves_02, uniq_ijyb
D:6:      uniq_sigmund
D:7:      uniq_prince_ribbit1
D:8:      bloody_trog
D:9:      orc_0_dummy, serial_shops, shop_fountains
D:11:     lair_entry_dummy, serial_curves, eino_curves_01, eino_curves_01,
          enter_bailey_2, hangedman_pestilent_swarm, minmay_misc_feat_rows,
          hangedman_weighted_door, minivault_22, minmay_librarian, uniq_psyche
D:13:     serial_shops, shop, uniq_josephine
D:14:     grunt_vaults_entry_tiered, serial_bayou_shore_a, eino_jars
D:15:     hangedman_depths_entry_civil_slaughter, minmay_hedge_maze,
          elyvilon_altar_1
Temple:   dpeg_three_leaves_temple
Lair:1:   dragon1_lemuel, worms_lemuel, grunt_megastairs_5, uniq_grum
Lair:2:   minmay_shoals_entry_hut, basic_altar
Lair:3:   minivault_29, lemuel_fruit_fields, serial_bayou_shore_b
Lair:4:   minmay_snake_entry_guardpost_large, infiniplex_staircase_pool
Lair:5:   dpeg_slime_entry_enclosed_altar, basic_altar, bh_autumn_forest_stairs,
          beast_lair_carwin_4
Lair:6:   hangedman_lair_tendril_chambers, guppyfry_lair_end_dragon
Shoals:1: dpeg_stationary_puzzle
Shoals:2: nicolae_shoals_hunting_party, uniq_nikola, uniq_frances
Shoals:4: shoals_end_hangedman, shoals_ilsuiw_ice
Snake:1:  uniq_azrael
Snake:3:  grunt_ministairs_2, spider_trap, nicolae_coiled_stairwell_down,
          lemuel_fruit_tree
Snake:4:  snake_pit
Orc:2:    grunt_orc_cross, nicolae_volcano_entry_hallway, lightli_orcish_oven
Elf:1:    minmay_elf_arrival_summoners, serial_shops,
          nicolae_shop_temple_entry_statues_fountains, minmay_elf_demonology
Elf:2:    serial_shops, shop, basic_altar
Elf:3:    grunt_elf_hall_diamonds, serial_shops, shop, st_stairs_13,
          minmay_shoptagon, uniq_louise, uniq_roxanne
Vaults:1: nicolae_vaults_rhombus_5, hangedman_vaults_river_flow,
          nicolae_vaults_yaktaur_gun_rack, ontoclasm_vaults_misaligned,
          nicolae_vaults_sealed_display, vaults_dpeg_encased_lava,
          vaults_room_pools, vaults_dpeg_ring
Vaults:2: minmay_crypt_entry_necro_gods, nicolae_vaults_shelves_hall, v_misc_33,
          nicolae_vaults_bisected_exclaves, v_misc_3, st_lines, v_misc_1,
          v_misc_28, nicolae_vaults_theta, serial_shops, bzr_entry_road
Vaults:3: nicolae_vaults_angled_halls, nicolae_vaults_ninety_degrees,
          vaults_room_pool, vaults_mumra_hexcomb, nicolae_vaults_network_square,
          vaults_dpeg_cross, dpeg_vaults_monster_box,
          nicolae_vaults_angled_halls, v_misc_11, ontoclasm_vaults_shuriken,
          ontoclasm_vaults_decontamination, v_rooms_6, ontoclasm_vaults_gateway,
          vaults_room_grid, dpeg_vaults_pockets_of_resistance, serial_shops,
          nicolae_shop_trees
Vaults:4: nicolae_vaults_gold_heap, vaults_dpeg_spiral, v_pattern_5, v_misc_22,
          grunt_vaults_focal, ontoclasm_vaults_spin, grunt_vaults_trifunnel,
          hangedman_vaults_corner, vaults_room_glass_cross, vaults_room_boxed,
          ontoclasm_vaults_tryst, vaults_room_mumra_shop_pool,
          vaults_room_grunt_arrival_ludios, v_alt_pattern_1, mu_enter_wizlab_1
Vaults:5: serial_shops
Crypt:1:  ragdoll_tomb_raider, serial_glass, glass_columns_b, glass_columns_b,
          basic_loot_grate_trap, serial_sigils_hangedman_scratch,
          wad_floor_pattern_untrapped, grunt_crypt_arrival_split, uniq_donald,
          uniq_mara
Crypt:2:  grunt_megastairs_3, roderic_lattice_octagonal_star
Crypt:3:  lightli_unholy_cathedral, nicolae_tomb_entry_unfolded_pyramid_diagonal
Depths:1: grunt_mini_vestibule, minmay_misc_feat_cross, serial_shops, shop,
          grunt_ministairs_7, minmay_guarded_unrand_wrath_of_trog
Depths:2: minmay_textured_paths, enter_ziggurat_d, hell_entry,
          infiniplex_staircase_spiral
Depths:3: grunt_profane_halls, hell_entry, pan_entry, uniq_boris
Depths:4: nooodl_glass_maze, hangedman_tar_grid_catacomb, abyss_entry,
          hangedman_decor_riveting, argonaut_fire_from_heaven
Depths:5: grunt_zot_entry_tricorne, patterned_corridor,
          pf_vacation_house_of_asmodeus, serial_bayou_shore_b
Zot:2:    amethyst_zot_foddershock
Zot:3:    nicolae_zot_draconian_monastery, lemuel_baited_zot_trap
Zot:5:    nicolae_zot_crop_circle
Abyss:2:  evilmike_abyss_exit_10
Bazaar:   bazaar_kenran_forest_clearing
Bailey:   bailey_polearm_gnolls_kennysheep, bailey
Volcano:  kennysheep_volcano_temple
WizLab:   wizlab_wucad

Skill      XL: |  1  2  3  4  5  6  7  8  9 10 11 12 13 14 15 16 17 18 19 20 21 22 23 24 25 26 27 |
---------------+----------------------------------------------------------------------------------+-----
Necromancy     | 5 6 7 8 9 11 12 14 15 16 17 19 20 | 20.0
Spellcasting   | 3 4 5 6 7 8 9 11 13 15 | 15.0
Armour         | 2 5 7 8 10 12 13 14 15 16 17 20 | 20.7
Fighting       | 4 7 9 11 12 13 14 15 17 19 21 22 | 22.0
Axes           | 3 6 8 10 11 13 14 15 16 17 18 19 20 | 20.2
Charms         | 2 4 6 7 8 |  8.0
Evocations     | 4 5 |  5.4
Dodging        | 9 15 16 18 | 18.2
Hexes          | 5 9 |  9.0
Translocations | 6 8 |  8.9
Stealth        | |  1.7

Action                   |  1- 3 |  4- 6 |  7- 9 | 10-12 | 13-15 | 16-18 | 19-21 | 22-24 | 25-27 || total
-------------------------+-------+-------+-------+-------+-------+-------+-------+-------+-------++-------
Melee: Unarmed           |    26 |       |       |       |       |       |       |       |       ||    26
       Trident           |    19 |   178 |   425 |       |       |       |       |       |       ||   622
       Headbutt          |     3 |    22 |    64 |   109 |   279 |   364 |   304 |   437 |   372 ||  1954
       Hand axe          |       |       |     2 |   567 |  1167 |   157 |       |       |       ||  1893
       Broad axe         |       |       |       |       |       |   465 |       |       |       ||   465
       Battleaxe         |       |       |       |       |       |   634 |  1102 |  1505 |  1270 ||  4511
       Staff             |       |       |       |       |       |       |       |    24 |       ||    24
 Fire: Blowgun           |       |       |       |       |       |     1 |       |       |       ||     1
Throw: Javelin           |       |       |       |       |     5 |       |     3 |       |       ||     8
 Cast: Pain              |    67 |    19 |     7 |    15 |     5 |       |       |       |       ||   113
       Animate Skeleton  |    22 |    18 |    23 |    23 |    49 |    35 |    12 |       |       ||   182
       Vampiric Draining |       |     7 |    23 |    45 |    73 |    87 |    94 |    53 |    49 ||   431
       Animate Dead      |       |     3 |    13 |    47 |    93 |    83 |    42 |    60 |    85 ||   426
       Regeneration      |       |       |     1 |    14 |     8 |    42 |    91 |   102 |   130 ||   388
       Control Undead    |       |       |     1 |     3 |    12 |     5 |     3 |    19 |     4 ||    47
       Agony             |       |       |       |     8 |     6 |     7 |     1 |       |       ||    22
       Death Channel     |       |       |       |       |       |       |    22 |    51 |    81 ||   154
       Dispel Undead     |       |       |       |       |       |       |       |    80 |    24 ||   104
       Swiftness         |       |       |       |       |       |       |       |     1 |       ||     1
       Spectral Weapon   |       |       |       |       |       |       |       |     1 |       ||     1
       Blink             |       |       |       |       |       |       |       |       |     6 ||     6
       Apportation       |       |       |       |       |       |       |       |       |     2 ||     2
       Recall            |       |       |       |       |       |       |       |       |     2 ||     2
Invok: Receive Corpses   |       |       |       |     3 |     7 |     8 |       |     2 |     3 ||    23
       Brand Weapon With |       |       |       |       |       |       |       |       |     1 ||     1
 Abil: Evoke Flight      |       |       |       |       |     1 |     7 |       |       |     4 ||    12
Evoke: Wand              |       |       |     2 |       |     6 |       |       |     2 |       ||    10
  Use: Scroll            |     5 |     5 |     7 |    12 |    19 |    16 |     9 |    12 |    19 ||   104
       Potion            |       |       |     1 |       |     2 |     6 |    16 |     1 |     2 ||    28
 Stab: Sleeping          |     2 |     5 |     2 |     1 |       |       |       |       |       ||    10
       Distracted        |       |     2 |     1 |     4 |    10 |    22 |    12 |    29 |    45 ||   125
  Eat: Chunk             |     6 |     8 |    21 |    30 |    47 |    38 |    28 |    47 |    55 ||   280
       Royal jelly       |       |       |     1 |     4 |     2 |    11 |     2 |       |     6 ||    26
       Bread ration      |       |       |       |       |     1 |       |     2 |     1 |     2 ||     6
       Meat ration       |       |       |       |       |       |     1 |     1 |     6 |     1 ||     9
       Fruit             |       |       |       |       |       |       |       |     1 |       ||     1
Armor: Robe              |    16 |    22 |    11 |       |       |       |       |       |       ||    49
       Ring mail         |       |       |   199 |   263 |   171 |       |       |       |       ||   633
       Skin              |       |       |     1 |       |       |       |       |       |       ||     1
       Chain mail        |       |       |       |     2 |    61 |       |       |       |       ||    63
       Plate armour      |       |       |       |       |   498 |  1089 |  1024 |  1066 |   951 ||  4628
Dodge: Dodged            |    48 |   119 |   352 |   347 |   408 |   445 |   363 |   719 |   875 ||  3676
Block: Other             |       |       |       |       |   122 |   292 |   235 |    84 |       ||   733
       Reflection        |       |       |       |       |    10 |    30 |    16 |       |       ||    56

Table legend:
 A = Spawn XP
 B = Non-spawn XP
 C = Spawn XP percentage of total XP
 D = Spawn monster count
 E = Non-spawn monster count
 F = Spawn count percentage of total count
 G = Total turns spent on level
                    A         B        C        D         E        F      G
               +---------+---------+-------+---------+---------+-------+---------
         Total |  123507 | 1114809 |  10.0 |     158 |    1080 |  12.8 | 28629
               +---------+---------+-------+---------+---------+-------+---------
           D:9 |       0 |      96 |   0.0 |       0 |       1 |   0.0 |   116
          D:14 |     548 |       0 | 100.0 |       1 |       0 | 100.0 |   443
      Shoals:4 |       0 |   26304 |   0.0 |       0 |      49 |   0.0 |   896
         Elf:1 |    2610 |   23952 |   9.8 |       5 |      41 |  10.9 |   892
         Elf:2 |    4047 |   28439 |  12.5 |       6 |      40 |  13.0 |  1613
         Elf:3 |     544 |   49055 |   1.1 |       1 |      44 |   2.2 |  1303
      Vaults:1 |    3740 |       0 | 100.0 |       5 |       0 | 100.0 |   299
      Vaults:2 |    1635 |       0 | 100.0 |       3 |       0 | 100.0 |   511
      Vaults:3 |       0 |    2529 |   0.0 |       0 |       3 |   0.0 |   143
      Vaults:4 |   11935 |   80973 |  12.8 |      21 |     127 |  14.2 |  2255
      Vaults:5 |    3913 |  106618 |   3.5 |       7 |      98 |   6.7 |  1585
       Crypt:1 |   12482 |   49822 |  20.0 |      15 |      45 |  25.0 |  1663
       Crypt:2 |    8353 |   27705 |  23.2 |       8 |      40 |  16.7 |   936
       Crypt:3 |    2935 |   50903 |   5.5 |       4 |      59 |   6.3 |  1363
      Depths:1 |    8411 |   42378 |  16.6 |       9 |      55 |  14.1 |  1597
      Depths:2 |   10568 |   40145 |  20.8 |      12 |      39 |  23.5 |  1219
      Depths:3 |    4359 |  105492 |   4.0 |      10 |     126 |   7.4 |  1638
      Depths:4 |    5661 |   67520 |   7.7 |       8 |      61 |  11.6 |  1168
      Depths:5 |    3146 |   34462 |   8.4 |       3 |      40 |   7.0 |  1184
         Zot:1 |    8419 |   50400 |  14.3 |       6 |      28 |  17.6 |   854
         Zot:2 |    8722 |   45339 |  16.1 |       3 |      30 |   9.1 |  1012
         Zot:3 |    2612 |   76481 |   3.3 |       1 |      44 |   2.2 |  1243
         Zot:4 |    2936 |   48495 |   5.7 |       1 |      28 |   3.4 |   862
         Zot:5 |    7634 |  151611 |   4.8 |       5 |      66 |   7.0 |  1214
       Abyss:2 |    5429 |    3067 |  63.9 |      12 |      11 |  52.2 |   385
       Abyss:3 |    2868 |    1801 |  61.4 |      12 |       4 |  75.0 |   186
        WizLab |       0 |    1222 |   0.0 |       0 |       1 |   0.0 |   423
               +---------+---------+-------+---------+---------+-------+---------

Table legend:
 A = Turns spent in this place as a percentage of turns spent in the entire game.
 B = Non-inter-level travel turns spent in this place as a percentage of non-inter-level travel turns spent in the entire game.
 C = Inter-level travel turns spent in this place as a percentage of turns spent in this place.
 D = Turns resting spent in this place as a percentage of non-inter-level travel turns spent in this place.
 E = Turns spent auto-exploring this place as a percentage of non-inter-level travel turns spent in this place.
 F = Non-inter-level travel turns spent in this place divided by the number of levels of this place that you've seen.
                   A       B       C       D       E      F
               +-------+-------+-------+-------+-------+----------------------
         Total | 100.0 | 100.0 |   9.6 |   4.7 |  22.3 | 730.9
       Dungeon |  16.5 |  14.9 |  18.3 |   2.2 |   5.1 | 436.2
        Temple |   0.0 |   0.0 |  12.5 |   0.0 |  78.6 |  14.0
          Lair |   8.2 |   8.8 |   3.6 |   2.5 |   3.1 | 642.3
        Shoals |   4.0 |   4.2 |   4.1 |   1.1 |  25.9 | 460.2
     Snake Pit |   6.6 |   7.3 |   0.4 |   2.5 |   3.6 | 801.8
  Orcish Mines |   3.2 |   3.3 |   6.9 |   0.9 |   2.0 | 715.5
   Elven Halls |   7.8 |   8.0 |   8.2 |  12.5 |  26.4 | 1165.3
        Vaults |  16.7 |  16.2 |  12.4 |   3.5 |  25.5 | 1420.8
         Crypt |   8.2 |   8.1 |  10.0 |   8.3 |  36.0 | 1188.3
        Depths |  14.0 |  13.4 |  13.7 |   1.6 |  42.3 | 1174.4
           Zot |  10.7 |  11.3 |   4.1 |  12.1 |  39.4 | 994.2
         Abyss |   1.6 |   1.8 |   0.0 |   0.3 |  15.2 | 256.3
        Bazaar |   0.1 |   0.1 |   0.0 |   0.0 |  23.3 |  43.0
        Bailey |   0.8 |   0.9 |   0.0 |   2.0 |   0.3 | 393.0
       Volcano |   0.7 |   0.7 |   0.0 |   4.9 |   0.0 | 326.0
        Wizlab |   0.9 |   1.0 |   0.0 |   0.0 |  26.0 | 423.0
               +-------+-------+-------+-------+-------+----------------------

Vault maps used:
D:1:      erik_arrival_blinker_ship, hex_large, minmay_tromino_v4_c
D:2:      grunt_ministairs_2
D:3:      serial_undead, serial_undead_e, serial_undead_a, serial_undead_f,
          serial_undead_a, first_bread
D:4:      minmay_temple_entry_glassed_door, serial_shops,
          nicolae_shop_waterfront
D:5:      serial_curves, eino_curves_02, eino_curves_02, uniq_ijyb
D:6:      uniq_sigmund
D:7:      uniq_prince_ribbit1
D:8:      bloody_trog
D:9:      orc_0_dummy, serial_shops, shop_fountains
D:11:     lair_entry_dummy, serial_curves, eino_curves_01, eino_curves_01,
          enter_bailey_2, hangedman_pestilent_swarm, minmay_misc_feat_rows,
          hangedman_weighted_door, minivault_22, minmay_librarian, uniq_psyche
D:13:     serial_shops, shop, uniq_josephine
D:14:     grunt_vaults_entry_tiered, serial_bayou_shore_a, eino_jars
D:15:     hangedman_depths_entry_civil_slaughter, minmay_hedge_maze,
          elyvilon_altar_1
Temple:   dpeg_three_leaves_temple
Lair:1:   dragon1_lemuel, worms_lemuel, grunt_megastairs_5, uniq_grum
Lair:2:   minmay_shoals_entry_hut, basic_altar
Lair:3:   minivault_29, lemuel_fruit_fields, serial_bayou_shore_b
Lair:4:   minmay_snake_entry_guardpost_large, infiniplex_staircase_pool
Lair:5:   dpeg_slime_entry_enclosed_altar, basic_altar, bh_autumn_forest_stairs,
          beast_lair_carwin_4
Lair:6:   hangedman_lair_tendril_chambers, guppyfry_lair_end_dragon
Shoals:1: dpeg_stationary_puzzle
Shoals:2: nicolae_shoals_hunting_party, uniq_nikola, uniq_frances
Shoals:4: shoals_end_hangedman, shoals_ilsuiw_ice
Snake:1:  uniq_azrael
Snake:3:  grunt_ministairs_2, spider_trap, nicolae_coiled_stairwell_down,
          lemuel_fruit_tree
Snake:4:  snake_pit
Orc:2:    grunt_orc_cross, nicolae_volcano_entry_hallway, lightli_orcish_oven
Elf:1:    minmay_elf_arrival_summoners, serial_shops,
          nicolae_shop_temple_entry_statues_fountains, minmay_elf_demonology
Elf:2:    serial_shops, shop, basic_altar
Elf:3:    grunt_elf_hall_diamonds, serial_shops, shop, st_stairs_13,
          minmay_shoptagon, uniq_louise, uniq_roxanne
Vaults:1: nicolae_vaults_rhombus_5, hangedman_vaults_river_flow,
          nicolae_vaults_yaktaur_gun_rack, ontoclasm_vaults_misaligned,
          nicolae_vaults_sealed_display, vaults_dpeg_encased_lava,
          vaults_room_pools, vaults_dpeg_ring
Vaults:2: minmay_crypt_entry_necro_gods, nicolae_vaults_shelves_hall, v_misc_33,
          nicolae_vaults_bisected_exclaves, v_misc_3, st_lines, v_misc_1,
          v_misc_28, nicolae_vaults_theta, serial_shops, bzr_entry_road
Vaults:3: nicolae_vaults_angled_halls, nicolae_vaults_ninety_degrees,
          vaults_room_pool, vaults_mumra_hexcomb, nicolae_vaults_network_square,
          vaults_dpeg_cross, dpeg_vaults_monster_box,
          nicolae_vaults_angled_halls, v_misc_11, ontoclasm_vaults_shuriken,
          ontoclasm_vaults_decontamination, v_rooms_6, ontoclasm_vaults_gateway,
          vaults_room_grid, dpeg_vaults_pockets_of_resistance, serial_shops,
          nicolae_shop_trees
Vaults:4: nicolae_vaults_gold_heap, vaults_dpeg_spiral, v_pattern_5, v_misc_22,
          grunt_vaults_focal, ontoclasm_vaults_spin, grunt_vaults_trifunnel,
          hangedman_vaults_corner, vaults_room_glass_cross, vaults_room_boxed,
          ontoclasm_vaults_tryst, vaults_room_mumra_shop_pool,
          vaults_room_grunt_arrival_ludios, v_alt_pattern_1, mu_enter_wizlab_1
Vaults:5: serial_shops
Crypt:1:  ragdoll_tomb_raider, serial_glass, glass_columns_b, glass_columns_b,
          basic_loot_grate_trap, serial_sigils_hangedman_scratch,
          wad_floor_pattern_untrapped, grunt_crypt_arrival_split, uniq_donald,
          uniq_mara
Crypt:2:  grunt_megastairs_3, roderic_lattice_octagonal_star
Crypt:3:  lightli_unholy_cathedral, nicolae_tomb_entry_unfolded_pyramid_diagonal
Depths:1: grunt_mini_vestibule, minmay_misc_feat_cross, serial_shops, shop,
          grunt_ministairs_7, minmay_guarded_unrand_wrath_of_trog
Depths:2: minmay_textured_paths, enter_ziggurat_d, hell_entry,
          infiniplex_staircase_spiral
Depths:3: grunt_profane_halls, hell_entry, pan_entry, uniq_boris
Depths:4: nooodl_glass_maze, hangedman_tar_grid_catacomb, abyss_entry,
          hangedman_decor_riveting, argonaut_fire_from_heaven
Depths:5: grunt_zot_entry_tricorne, patterned_corridor,
          pf_vacation_house_of_asmodeus, serial_bayou_shore_b
Zot:2:    amethyst_zot_foddershock
Zot:3:    nicolae_zot_draconian_monastery, lemuel_baited_zot_trap
Zot:5:    nicolae_zot_crop_circle
Abyss:2:  evilmike_abyss_exit_10
Bazaar:   bazaar_kenran_forest_clearing
Bailey:   bailey_polearm_gnolls_kennysheep, bailey
Volcano:  kennysheep_volcano_temple
WizLab:   wizlab_wucad
